 Dungeon Crawl Stone Soup version 0.27.0-1-g7a089689b8 (webtiles) character file.

Game seed: 17149082679041267291

29 HungrySpirit the Chopper (level 3, -3/30 HPs)
             Began as a Minotaur Gladiator on July 31, 2021.
             Slain by an adder (4 damage)
             ... on level 2 of the Dungeon.
             The game lasted 00:00:56 (1419 turns).

HungrySpirit the Chopper (Minotaur Gladiator)       Turns: 1419, Time: 00:00:58

Health: -3/30      AC:  5    Str: 18    XL:     3   Next: 1%
Magic:  2/2        EV: 11    Int:  5    God:
Gold:   98         SH:  0    Dex: 12    Spells: 2/2 levels left

rFire    + . .     SeeInvis .   a - +0 war axe
rCold    + . .     Faith    .   (no shield)
rNeg     . . .     Spirit   .   j - +0 ring mail
rPois    .         Reflect  .   c - +0 hat
rElec    .         Harm     .   g - scarf {rC+ rF+}
rCorr    .         Rampage  .   (no gloves)
Will     .....                  (no boots)
Stlth    +.........             (no amulet)
HPRegen  0.10/turn              (no ring)
MPRegen  0.08/turn              (no ring)

@: mighty, lethally poisoned (-3 -> -7)
A: horns 2, retaliatory headbutt
a: no special abilities


You were on level 2 of the Dungeon.
You visited 1 branch of the dungeon, and saw 2 of its levels.

You collected 98 gold pieces.

Inventory:

Hand Weapons
 a - a +0 war axe (weapon)
Missiles
 d - 3 throwing nets (quivered)
Armour
 c - a +0 hat (worn)
 g - a scarf of resistance (worn)
 j - a +0 ring mail (worn)
Scrolls
 i - a scroll of identify {unknown}
Potions
 e - a potion of curing {unknown}
 f - a potion of haste {unknown}


   Skills:
 + Level 2.9 Fighting
 * Level 4.3 Axes
 - Level 2.0 Throwing
 + Level 1.2 Armour
 + Level 3.5 Dodging


You had 2 spell levels left.
You didn't know any spells.
Your spell library was empty.

Dungeon Overview and Level Annotations

Branches:
Dungeon (2/15)

Altars:


Innate Abilities, Weirdness & Mutations

You have a pair of horns on your head.
You reflexively headbutt those who attack you in melee.


Message History

You barely miss the adder. You slash the rat!
You kill the rat!
You hit the quokka.
You feel sick. The adder bites you but does no damage.
The quokka closely misses you. The adder barely misses you.
You closely miss the quokka.
The quokka is heavily wounded.
You hit the adder.
You feel sick. The quokka bites you. The adder closely misses you.
The quokka bites you.
You are too injured to fight recklessly!
You are too injured to fight recklessly!
You closely miss the adder.
The adder is lightly wounded.
You closely miss the quokka.
You feel sick. The adder barely misses you. The quokka barely misses you.
The adder closely misses you. You furiously retaliate!
You headbutt the adder.
Unknown command.
You miss the adder. Your headbutt misses the adder.
The adder is heavily wounded.
You hit the quokka but do no damage.
You feel sick.
You are no longer poisoned.
The quokka bites you.
* * * LOW HITPOINT WARNING * * *
The adder bites you.
* * * LOW HITPOINT WARNING * * *
The quokka bites you but does no damage.
The adder bites you.
* * * LOW HITPOINT WARNING * * *
You hit the adder. You headbutt the adder.
The adder is almost dead.
You miss the quokka. The adder bites you.
* * * LOW HITPOINT WARNING * * *
You are lethally poisoned!
The adder poisons you! The quokka bites you.
* * * LOW HITPOINT WARNING * * *
It was a potion of might.
You feel very mighty all of a sudden.
* * * LOW HITPOINT WARNING * * *
You feel sick. The adder bites you but does no damage.
The quokka closely misses you. The adder bites you.
You die...

## #. <# ...
..... #.# #.#.#
........ #
#.#.#.#.##.#
.........
.#.#.#S#.#
......r@.##
.....#....#####
... ##..<....#
. ###......#
########


You could see an adder and a quokka.

Vanquished Creatures
  A dart slug (D:1)
  2 bats (D:1)
  5 endoplasms (D:1)
  2 giant cockroaches (D:1)
  2 goblins (D:1)
  4 hobgoblins (D:1)
  A kobold (D:1)
  2 ball pythons (D:1)
  A frilled lizard (D:1)
  3 rats
23 creatures vanquished.

Notes
Turn   | Place    | Note
-------+----------+-------------------------------------------
     0 | D:1      | HungrySpirit the Minotaur Gladiator began the quest for the
                  | Orb.
     0 | D:1      | Reached XP level 1. HP: 18/18 MP: 0/0
   118 | D:1      | Reached XP level 2. HP: 25/25 MP: 1/1
   161 | D:1      | Reached skill level 4 in Axes
   362 | D:1      | Reached skill level 1 in Armour
   733 | D:1      | Reached XP level 3. HP: 30/30 MP: 2/2
  1419 | D:2      | HP: 1/30 [poisoned by an adder]
  1419 | D:2      | Slain by an adder

Illustrated notes

Levels and vault maps discovered:
D:1:      lemuel_arrival_behind_the_door_small, layout_basic, amethyst_killhole
D:2:      layout_rooms, st_stairs_9

Skill      XL: |  1  2 |
---------------+-------+-----
Axes           | 4 |  4.3
Armour         | 1 |  1.2
Fighting       | |  2.9
Throwing       | |  2.0
Dodging        | |  3.5

Action                   || total
-------------------------++-------
Melee: War axe           ||    43
       Headbutt          ||     8
  Use: Potion            ||     1
Armor: Leather armour    ||     7
       Ring mail         ||     3
Dodge: Dodged            ||    22
